Match 42395830
Unlisted

Match 42395830
End
Pioneer Squad
Construct Infanterie Kompanie
MG 42 Machine Gun Team
MG 42 Machine Gun Team
GrW 34 Mortar Team
MG 42 Bunker
Construct Panzergrenadier Kompanie
MG 42 Bunker
Support Elements
Selects Italian Coastal Battlegroup
Nebelwerfer 42 Rocket Launcher Team
Medical Bunker
Nebelwerfer 42 Rocket Launcher Team
Pak 40 Anti-tank Gun Team
Selects Support Bunkers
Selects Rapid Fortifications
Panzergrenadier Squad
Panzergrenadier Officer Quarters
Nebelwerfer 42 Rocket Launcher Team
Selects Bulwark
Construct Panzer Kompanie
Selects Coastal Reserves
Coastal Reserve
Pioneer Squad
Pioneer Squad
Selects Artillery Officer
·掷·蛋·兵·
冲啊!我们人多有医保
你今天赢一局了吗
ADNFJK
gUi
Sil1k
塑料壳打粉机
周杰伦
0
0

Comments sign in to comment!

No comments posted yet!